 Dungeon Crawl Stone Soup version 0.31-a0-40-g1d5085d191 (webtiles) character file.

Game seed: 15784305844176843403

3628 funkygono the Cleaver (level 9, -9/80 HPs)
             Began as a Minotaur Fighter on May 17, 2023.
             Was a Believer of Okawaru.
             Mangled by a yak (10 damage)
             ... on level 8 of the Dungeon.
             The game lasted 00:12:15 (6690 turns).

funkygono the Cleaver (Minotaur Fighter)            Turns: 6690, Time: 00:12:16

Health: -9/80      AC: 11    Str: 32    XL:     9   Next: 87%
Magic:  8/8        EV: 11    Int:  5    God:    Okawaru [**....]
Gold:   543        SH: 10    Dex:  9    Spells: 8/8 levels left

rFire   . . .        a - +0 war axe
rCold   . . .        c - +0 buckler
rNeg    + . .        G - quicksilver dragon scales
rPois   .            (helmet restricted)
rElec   .            (no cloak)
rCorr   .            (no gloves)
SInv    .            (no boots)
Will    +....        A - amulet of reflection
Stlth   +            y - ring of positive energy
HPRegen 0.33/turn    u - +6 ring of strength
MPRegen 0.11/turn

%: reflection
@: no status effects
A: horns 2, retaliatory headbutt
a: Renounce Religion, Heroism


You were on level 8 of the Dungeon.
You worshipped Okawaru.
Okawaru was pleased with you.
You visited 1 branch of the dungeon, and saw 8 of its levels.
You also visited: Sewer.

You collected 543 gold pieces.

Inventory:

Hand Weapons
 a - a +0 war axe (weapon)
Missiles
 q - a throwing net (quivered)
Armour
 c - a +0 buckler (worn)
 g - a +0 chain mail
 G - quicksilver dragon scales (worn)
Jewellery
 j - a ring of protection from fire
 u - a +6 ring of strength (right hand)
 y - a ring of positive energy (left hand)
 A - an amulet of reflection (around neck)
Wands
 p - a wand of digging (5)
 t - a wand of acid (6)
Scrolls
 f - 7 scrolls of identify {unknown}
 h - 5 scrolls of teleportation {unknown}
 i - 2 scrolls of fear {unknown}
 l - a scroll of blinking {unknown}
 n - a scroll of magic mapping {unknown}
 s - 2 scrolls of torment {unknown}
 x - 3 scrolls of vulnerability {unknown}
 z - 2 scrolls of silence {unknown}
 B - 2 scrolls of amnesia {unknown}
 C - a scroll of immolation {unknown}
 D - a scroll of brand weapon {unknown}
 E - 2 scrolls of enchant weapon {unknown}
 I - 3 scrolls of enchant armour {unknown}
Potions
 b - 3 potions of mutation {unknown}
 d - 2 potions of might
 e - 2 potions of attraction {unknown}
 k - 7 potions of curing {unknown}
 m - a potion of resistance {unknown}
 o - 4 potions of berserk rage {unknown}
 r - a potion of magic {unknown}
 v - a potion of brilliance {unknown}
 w - a potion of flight {unknown}
 F - 2 potions of degeneration {unknown}
 H - a potion of invisibility {unknown}
 J - a potion of cancellation {unknown}


   Skills:
 + Level 7.6 Fighting
 + Level 12.3 Axes
 + Level 6.6 Armour
 + Level 3.3 Dodging
 + Level 1.2 Stealth
 + Level 7.5 Shields


You had 8 spell levels left.
You didn't know any spells.
Your spell library contained the following spells:

 Spells                   Type           Power      Damage    Failure   Level
 Magic Dart               Conj           0%         1d3       63%         1
 Slow                     Hex            0%         N/A       63%         1
 Blink                    Tloc           0%         N/A       77%         2
 Scorch                   Fire           0%         2d5       77%         2
 Searing Ray              Conj           0%         2d4       77%         2
 Confusing Touch          Hex            0%         N/A       94%         3
 Gell's Gravitas          Tloc           0%         N/A       94%         3
 Mephitic Cloud           Conj/Pois/Air  0%         N/A       94%         3
 Teleport Other           Tloc           0%         N/A       94%         3
 Vampiric Draining        Necr           0%         2d6       94%         3
 Flame Wave               Conj/Fire      0%         2d4       100%        4
 Fulminant Prism          Conj/Hex       0%         3d5       100%        4
 Manifold Assault         Tloc           0%         N/A       100%        4
 Dispersal                Tloc           0%         N/A       100%        6
 Storm Form               Tmut/Air       0%         N/A       100%        7
 Call Imp                 Summ           Unusable   N/A       N/A         2
 Summon Cactus Giant      Summ           Unusable   N/A       N/A         6

Dungeon Overview and Level Annotations

Branches:
Dungeon (8/15)             Temple (0/1) D:7           Sewer (visited)
   Lair: D:8-11

Altars:
Cheibriados
Nemelex Xobeh
Okawaru
Qazlal
Ru
Trog
Wu Jian
Zin

Shops:
D:7 =


Innate Abilities, Weirdness & Mutations

You have a pair of horns on your head.
You reflexively headbutt those who attack you in melee.


Message History

The yak is almost dead.
You hit the wyvern. You slash the yak! The wyvern barely misses you.
The yak gores you. You block the wyvern's attack.
You block the wyvern's attack. The yak gores you. You block the yak's attack.
The yak gores you!
Unknown command.
You hit the yak but do no damage. You hit the yak. You closely miss the wyvern.
You hit the yak.
You kill the yak!
Okawaru accepts your kill. You block the wyvern's attack.
You block the yak's attack. The yak gores you. The wyvern barely misses you.
You closely miss the wyvern.
The wyvern is lightly wounded.
You slash the yak!
You kill the yak!
Okawaru accepts your kill.
You hit the yak. The wyvern bites you! The yak misses you.
Unknown command.
You barely miss the wyvern.
The wyvern is lightly wounded.
You hit the yak. You block the wyvern's attack.
You barely miss the wyvern.
The wyvern is lightly wounded.
You slash the yak! You block the wyvern's attack. The yak gores you!
* * * LOW HITPOINT WARNING * * *
You slash the wyvern! You headbutt the wyvern.
The wyvern is severely wounded.
You closely miss the yak. The wyvern bites you!
* * * LOW HITPOINT WARNING * * *
You block the yak's attack. The wyvern misses you.
Unknown command.
You slash the wyvern!
You kill the wyvern!
Okawaru accepts your kill.
You slash the yak! The yak gores you!
* * * LOW HITPOINT WARNING * * *
You hear the quick hiss of a very distant avalanche of sand.
The yak gores you!
You die...

#.....#.....#.........#...
#.....#.>...#.........#...
#.....#.....#.........#...
#.....#.....#.........#...
#.....#.....#.........#...
#.....##'###############+#
###.............# ####..
#.........)...+ #.....
#......@...)..# #.....
#.....Y.†.)...######....
#####'##....)......#....
... #######))...#....
#.... #.....#...† #....
#))...#.... ....
#.....#.... ##..
#.....#.... +.....#....


You could see a yak.

Vanquished Creatures
  4 yaks (D:8)
  A wyvern (D:8)
  Edmund (D:5)
  A water moccasin (D:4)
  2 black bears
  2 sky beasts (D:7)
  A kobold brigand (D:6)
  A phantom (D:6)
  A gnoll sergeant (D:8)
  5 scorpions
  A bullfrog (D:7)
  8 wights
  7 killer bees
  3 jellies
  3 hounds
  3 orc priests
  A gnoll bouda (D:7)
  2 sleepcaps
  4 iguanas
  7 orc wizards
  A hell rat (Sewer)
  14 gnolls
  6 adders
  3 river rats (Sewer)
  A white imp (D:6)
  An ufetubus (D:4)
  5 worms
  2 dart slugs
  26 orcs
  9 endoplasms
  4 giant cockroaches
  13 goblins
  5 hobgoblins
  2 quokkas
  10 ball pythons
  4 bats
  5 frilled lizards
  12 kobolds
  10 rats
191 creatures vanquished.

Notes
Turn   | Place    | Note
-------+----------+-------------------------------------------
     0 | D:1      | funkygono the Minotaur Fighter began the quest for the Orb.
     0 | D:1      | Reached XP level 1. HP: 19/19 MP: 0/0
   196 | D:1      | Reached XP level 2. HP: 23/27 MP: 1/1
   440 | D:1      | Reached skill level 3 in Axes
   791 | D:2      | You fall into a shaft and drop 1 floor!
   845 | D:2      | Reached XP level 3. HP: 29/33 MP: 2/2
  1271 | D:2      | Reached XP level 4. HP: 40/40 MP: 3/3
  1543 | D:2      | Reached skill level 4 in Axes
  1780 | D:3      | Reached XP level 5. HP: 33/46 MP: 4/4
  2081 | D:3      | Found a bloodstained altar of Trog.
  2104 | D:3      | Reached skill level 5 in Axes
  2324 | D:3      | Found a sparkling altar of Nemelex Xobeh.
  2365 | D:3      | Found a sacrificial altar of Ru.
  2721 | D:4      | Reached XP level 6. HP: 51/55 MP: 5/5
  3101 | D:4      | Found a glowing silver altar of Zin.
  3122 | D:4      | Noticed a water moccasin
  3137 | D:4      | Killed a water moccasin
  3138 | D:4      | Reached skill level 6 in Axes
  3138 | D:4      | Reached skill level 5 in Armour
  3241 | D:4      | Reached skill level 5 in Fighting
  3434 | D:5      | Entered Level 5 of the Dungeon
  3440 | D:5      | Reached skill level 1 in Dodging
  3440 | D:5      | Reached XP level 7. HP: 61/61 MP: 6/6
  3470 | D:5      | Reached skill level 7 in Axes
  3696 | D:5      | Reached skill level 5 in Shields
  3699 | D:5      | Reached skill level 8 in Axes
  3887 | D:5      | Found a glowing drain.
  3903 | Sewer    | Entered a sewer
  4122 | D:5      | Reached XP level 8. HP: 69/69 MP: 7/7
  4424 | D:6      | Noticed Edmund
  4449 | D:5      | Killed Edmund
  4504 | D:6      | Reached skill level 9 in Axes
  4779 | D:6      | Reached skill level 1 in Stealth
  5033 | D:6      | Reached skill level 10 in Axes
  5054 | D:6      | Found an iron altar of Okawaru.
  5054 | D:6      | Found an ornate altar of the Wu Jian Council.
  5058 | D:6      | Became a worshipper of Warmaster Okawaru
  5243 | D:7      | Identified the +2 quarterstaff of the Well-Known Wonders
                  | {flame, rElec rF+ rC+ Will+}
  5405 | D:7      | Reached XP level 9. HP: 49/77 MP: 8/8
  5631 | D:7      | Identified the +0 scale mail "Tacrecash" {-Tele Rampage
                  | rCorr Stlth+}
  5657 | D:7      | Found a snail-covered altar of Cheibriados.
  5822 | D:7      | Found Diyrith's Jewellery Shoppe.
  5926 | D:7      | Reached skill level 11 in Axes
  6064 | D:7      | Found a staircase to the Ecumenical Temple.
  6334 | D:8      | Found a stormy altar of Qazlal.
  6440 | D:8      | Reached * piety under Okawaru
  6680 | D:8      | Reached skill level 12 in Axes
  6684 | D:8      | Reached ** piety under Okawaru
  6689 | D:8      | HP: 1/79 [yak (7)]
  6690 | D:8      | Mangled by a yak

Illustrated notes

Levels and vault maps discovered:
D:1:      scummos_arrival_forest, layout_basic, grunt_decor_cap,
          minmay_tromino_v2
D:2:      layout_basic
D:3:      layout_rooms, nicolae_ru_path_of_blood, trog_hazing_becter,
          nemelex_altar_shiori
D:4:      layout_gridville, zin_statuary
D:5:      layout_cave_pools, cheibrodos_sewer_entry_bend
D:6:      layout_rooms, gammafunk_temple_overflow_wave, st_stairs_7, uniq_edmund
D:7:      layout_gridville, cheibrodos_worm_habitat, temple_hall, serial_shops,
          shop, minmay_holes, minmay_misc_feat_five
D:8:      layout_gridville, nicolae_hepliaklqana_hazy_memory,
          nicolae_qazlal_style_of_elements, nicolae_ossuary_entry_plus

Skill      XL: |  1  2  3  4  5  6  7  8  9 |
---------------+----------------------------+-----
Shields        | 4 5 6 7 |  7.5
Axes           | 3 4 5 6 8 10 12 | 12.3
Armour         | 4 5 6 |  6.6
Fighting       | 4 5 6 7 |  7.6
Dodging        | 1 2 3 |  3.3
Stealth        | 1 |  1.2

Action                     |  1- 3 |  4- 6 |  7- 9 || total
---------------------------+-------+-------+-------++-------
  Melee: War axe           |    84 |   133 |   275 ||   492
         Headbutt          |    10 |    16 |    42 ||    68
 Armour: Scale mail        |     7 |       |       ||     7
         Chain mail        |    37 |    65 |    21 ||   123
         Quicksilver drago |       |       |    85 ||    85
  Dodge: Dodged            |    35 |    51 |   102 ||   188
  Block: Buckler           |    17 |    39 |   142 ||   198
         Reflection        |       |       |     1 ||     1

Table legend: (Time is in decaauts)
 A = Elapsed time spent in this place.
 B = Non-inter-level travel time spent in this place.
 C = Inter-level travel time spent in this place.
 D = Time resting spent in this place.
 E = Time spent auto-exploring this place.
 F = Levels seen in this place.
 G = Mean time per level.
                   A        B        C        D        E       F      G
               +--------+--------+--------+--------+--------+-----+--------+
         Total |   6795 |   6569 |    226 |    404 |   4639 |   9 |  755.0 |
       Dungeon |   6676 |   6450 |    226 |    404 |   4582 |   8 |  834.5 |
         Sewer |    119 |    119 |      0 |      0 |     57 |   1 |  119.0 |
               +--------+--------+--------+--------+--------+-----+--------+

Top non-repeatable levels by time:
     D:7: 1094 daAuts
     D:5: 974 daAuts
     D:2: 962 daAuts
     D:3: 872 daAuts
     D:4: 855 daAuts
     D:1: 809 daAuts
     D:6: 652 daAuts
     D:8: 455 daAuts
   Sewer: 119 daAuts
